Map: Rhoskallian LE

Players

galaxar

  • Race: Zerg Zerg
  • League: Platinum
  • Spawn Location: 11:00

whynot

  • Race: Terran Terran
  • Spawn Location: 12:00

CrushOnMinT - Winner!

  • Race: Zerg Zerg
  • League: Master
  • Spawn Location: 6:00

Shiro - Winner!

  • Race: Terran Terran
  • Spawn Location: 5:00

VOD

Have the link to the VOD?

Description

Time

  • Played on: May 2, 2020, 1:24 p.m.
  • Length: 11:37
Show
View Real Time Build Order
Export as new Build Order

galaxar Zerg 

Build Orders: Hatch First, Muta Ling Bane 

Get SALT Encoding   

  12  0:10  Drone  
  12  0:12  Drone  
  14  0:44  Overlord  
  14  0:45  Hatchery  
  14  0:48  Drone  
  14  1:07  Spawning Pool  
  14  1:10  Drone  
  14  1:16  Drone  
  15  1:21  Drone  
  16  1:26  Drone  
  16  1:31  Extractor  
  16  1:34  Extractor  
  16  1:35  Drone  
  16  1:47  Drone  
  17  1:58  Roach Warren  
  17  1:59  Drone  
  17  2:01  Queen  
  19  2:16  Queen  
  21  2:26  Baneling Nest  
  21  2:28  Drone  
  21  2:33  Zergling x2  
  22  2:38  Zergling x2  
  23  3:01  Zergling x2  
  23  3:02  Zergling x4  
  26  3:13  Baneling x4  
  26  3:15  Drone x2  
  28  3:27  Overlord x2  
  28  3:39  Lair  
  28  3:48  Drone x2  
  30  3:59  Drone x2  
  30  4:00  Drone  
  31  4:12  Zergling x2  
  30  4:22  Roach x2  
  30  4:23  Roach  
  35  4:27  Drone  
  36  4:38  Drone  
  37  4:45  Baneling x2  
  37  4:49  Zergling x2  
  38  4:57  Zergling x6  
  41  5:11  Centrifical Hooks  
  41  5:16  Roach  
  41  5:18  Drone  
  44  5:24  Baneling x2  
  44  5:27  Overlord x2  
  44  5:33  Hydralisk Den  
  43  5:38  Drone  
  43  5:39  Hydralisk Den, Drone  
  44  5:47  Extractor  
  44  5:48  Extractor  
  42  5:55  Drone  
  42  5:56  Drone x3  
  46  5:59  Drone x3  
  49  6:14  Hydralisk x2  
  49  6:15  Hydralisk  
  49  6:18  Grooved Spines  
  55  6:19  Overseer  
  55  6:23  Pneumatized Carapace  
  55  6:32  Drone x3  
  58  6:35  Drone x2  
  60  6:40  Overlord  
  60  6:49  Baneling x4  
  60  6:50  Baneling x2  
  60  6:54  Overlord  
  60  7:01  Drone x2  
  60  7:02  Drone x3  
  60  7:04  Drone x2  
  60  7:05  Drone  
  60  7:08  Overlord  
  68  7:11  Queen  
  70  7:17  Muscular Augments  
  70  7:22  Evolution Chamber  
  70  7:26  Evolution Chamber  
  70  7:27  Evolution Chamber  
  67  7:35  Hydralisk x2  
  71  7:37  Drone  
  71  7:42  Hatchery  
  71  7:47  Drone x2  
  71  7:48  Drone x3  
  76  7:54  Zerg Melee Weapons Level 1  
  76  7:55  Zerg Missile Weapons Level 1  
  71  8:36  Spire  
  71  8:39  Zergling x6  
  73  8:50  Lurker Den  
  72  9:17  Extractor x2  
  70  9:34  Drone x2  
  70  9:35  Drone  
  73  9:52  Mutalisk x4  
  81  10:02  Lurker Den  
  80  10:13  Infestation Pit  
  79  10:16  Mutalisk  
  81  10:46  Spire  
  80  10:50  Corruptor, Spire  
  80  10:52  Overlord x2  
  80  10:53  Overlord x3  
  61  11:05  Swarm Host  
Show
View Real Time Build Order
Export as new Build Order

whynot Terran 

Build Orders: Gas First Reaper Expand, Mech 

Get SALT Encoding   

  12  0:01  SCV  
  13  0:13  SCV  
  14  0:24  Supply Depot  
  14  0:25  SCV  
  15  0:35  Refinery  
  15  0:45  SCV  
  15  0:46  Barracks  
  16  0:57  SCV  
  17  1:09  SCV  
  18  1:21  SCV  
  19  1:35  Orbital Command  
  19  1:36  Reaper  
  20  1:50  Command Center  
  20  2:06  SCV  
  21  2:08  Factory  
  20  2:18  Supply Depot  
  20  2:20  SCV  
  21  2:29  Refinery  
  21  2:33  SCV  
  21  2:34  Barracks Reactor  
  22  2:49  SCV  
  23  2:51  Supply Depot  
  23  3:02  SCV  
  24  3:16  Orbital Command  
  24  3:21  SCV  
  24  3:23  Hellion x2  
  29  3:28  Barracks Tech Lab  
  29  3:34  SCV  
  30  3:41  Command Center  
  30  3:45  SCV  
  31  3:49  Hellion  
  31  3:50  Hellion  
  27  4:10  Hellion  
  27  4:11  Hellion  
  31  4:24  SCV x2  
  33  4:32  Hellion  
  33  4:33  Hellion  
  33  4:36  SCV x2  
  39  4:40  Starport  
  39  4:41  Barracks Tech Lab  
  39  4:48  SCV x2  
  41  5:00  SCV x2  
  43  5:09  Engineering Bay  
  43  5:13  Factory  
  43  5:16  Refinery, Factory  
  45  5:28  Hellion x2  
  45  5:34  Banshee, Cloaking Field  
  40  5:37  Orbital Command  
  40  5:41  SCV x2  
  40  5:53  Hellion x2, SCV  
  40  5:54  SCV  
  46  5:59  Barracks Tech Lab  
  46  6:00  Factory Tech Lab  
  46  6:05  SCV  
  46  6:06  SCV  
  46  6:07  Cyclone  
  46  6:11  SCV  
  52  6:14  Refinery  
  52  6:15  Missile Turret  
  52  6:17  SCV  
  53  6:19  Missile Turret  
  53  6:20  Missile Turret  
  53  6:23  Cyclone  
  56  6:29  Banshee  
  59  6:35  SCV x2  
  59  6:38  Orbital Command  
  61  6:41  Missile Turret  
  61  6:42  Missile Turret, Mag-Field Accelerator  
  61  6:44  Cyclone  
  61  6:45  Hellion  
  66  6:51  SCV x2  
  68  7:08  Supply Depot  
  68  7:09  Supply Depot x2  
  68  7:11  SCV  
  68  7:12  Factory  
  69  7:18  SCV x2  
  68  7:26  SCV  
  68  7:28  Armory  
  68  7:29  Siege Tank, Armory  
  72  7:30  SCV  
  72  7:32  Missile Turret  
  73  7:46  Siege Tank x2  
  79  7:51  SCV x2  
  79  7:52  SCV  
  82  8:06  Siege Tank x2  
  82  8:07  SCV x3  
  82  8:11  Refinery  
  82  8:12  Barracks Tech Lab, Viking x2  
  92  8:31  Siege Tank  
  92  8:39  Siege Tank  
  93  8:45  Siege Tank  
  93  8:46  Siege Tank  
  89  9:08  Siege Tank  
  92  10:29  Supply Depot  
  92  10:32  Supply Depot  
  92  10:34  Supply Depot  
  92  10:50  Siege Tank x3  
  92  10:54  Siege Tank  
  92  10:55  Supply Depot  
  104  11:01  Supply Depot  
Show
View Real Time Build Order
Export as new Build Order

CrushOnMinT Zerg - Winner!

Build Orders: Hatch First, Lurkers 

Get SALT Encoding   

  12  0:00  Drone  
  13  0:12  Overlord  
  13  0:17  Drone  
  14  0:31  Drone x2  
  14  0:34  Drone  
  17  0:53  Hatchery  
  17  0:55  Drone  
  17  0:58  Drone  
  18  1:09  Extractor  
  17  1:13  Spawning Pool  
  17  1:16  Drone  
  17  1:20  Drone  
  18  1:28  Drone  
  19  1:39  Drone  
  20  1:49  Overlord  
  20  2:00  Queen  
  22  2:05  Queen  
  22  2:08  Drone x2  
  26  2:12  Metabolic Boost  
  26  2:17  Drone x2  
  28  2:33  Hatchery  
  28  2:35  Drone  
  28  2:39  Drone  
  29  2:44  Overlord  
  29  2:46  Drone  
  29  2:49  Zergling x2  
  31  2:52  Zergling x2  
  31  2:54  Zergling x2  
  33  3:00  Zergling x2  
  33  3:05  Zergling x2  
  35  3:08  Zergling x6  
  35  3:10  Zergling x2  
  39  3:13  Zergling x4  
  39  3:15  Zergling x2  
  39  3:17  Drone  
  43  3:23  Drone  
  44  3:37  Overlord  
  44  3:39  Overlord  
  44  3:45  Drone x2  
  44  3:46  Lair  
  45  3:56  Drone  
  45  3:59  Drone x2  
  45  4:00  Drone x3  
  45  4:01  Drone x2  
  51  4:07  Drone x2  
  51  4:09  Queen, Drone  
  53  4:14  Drone x2  
  53  4:15  Drone  
  56  4:17  Drone  
  56  4:20  Drone  
  56  4:21  Extractor, Drone  
  58  4:24  Extractor  
  58  4:25  Extractor, Drone  
  58  4:26  Drone  
  58  4:30  Overlord  
  58  4:32  Drone  
  58  4:37  Drone  
  58  4:38  Drone  
  61  4:41  Drone x2  
  63  4:47  Hydralisk Den, Drone  
  63  4:48  Drone x3  
  63  4:50  Drone  
  63  4:52  Overlord  
  67  4:55  Overlord  
  67  4:59  Drone  
  68  5:01  Infestation Pit  
  68  5:02  Drone x2  
  68  5:04  Drone  
  68  5:05  Extractor x2  
  68  5:07  Drone  
  68  5:10  Overlord  
  68  5:13  Drone  
  70  5:16  Drone  
  70  5:19  Lurker Den  
  67  5:21  Drone x3  
  67  5:24  Drone x4  
  67  5:26  Drone  
  75  5:31  Drone x4  
  75  5:34  Hydralisk  
  81  5:37  Hydralisk  
  81  5:42  Overlord  
  83  5:46  Hydralisk  
  83  5:49  Hive  
  85  5:50  Hydralisk  
  85  5:52  Hydralisk  
  85  5:54  Hydralisk  
  85  5:56  Overlord  
  91  5:59  Hydralisk  
  91  6:01  Hydralisk  
  91  6:03  Hydralisk  
  97  6:05  Hydralisk  
  97  6:07  Hydralisk  
  97  6:09  Hydralisk  
  103  6:12  Overlord  
  103  6:14  Overlord  
  103  6:16  Hydralisk  
  105  6:20  Lurker  
  105  6:21  Lurker x3  
  105  6:23  Hydralisk  
  111  6:26  Hydralisk  
  111  6:29  Overlord x2  
  113  6:38  Hatchery  
  112  6:40  Spore Crawler  
  112  6:42  Spore Crawler, Overseer  
  112  6:44  Drone  
  112  6:45  Drone  
  112  6:46  Drone x2  
  114  6:48  Hydralisk  
  114  6:52  Hydralisk x2  
  120  6:55  Overlord, Spore Crawler  
  120  7:00  Hydralisk x2  
  123  7:11  Adaptive Talons  
  123  7:17  Lurker x2  
  125  7:25  Overlord x2, Hatchery  
  124  7:34  Evolution Chamber  
  124  7:35  Drone x3, Evolution Chamber  
  124  7:36  Drone x6, Evolution Chamber  
  131  7:37  Drone  
  131  7:40  Drone x3  
  131  7:42  Lurker  
  131  7:43  Lurker x2  
  137  7:45  Lurker  
  137  7:47  Lurker  
  137  7:48  Drone x2  
  137  7:49  Drone  
  142  7:53  Queen  
  144  7:59  Extractor, Drone x4  
  144  8:00  Drone  
  144  8:01  Extractor  
  144  8:02  Overlord  
  147  8:08  Zerg Ground Armor Level 1, Zerg Melee Weapons Level 1, Seismic Spines  
  147  8:10  Zerg Missile Weapons Level 1  
  147  8:18  Lurker  
  139  8:41  Drone x2  
  139  8:42  Drone x7  
  139  8:43  Drone x5  
  139  8:46  Drone  
  139  8:47  Overlord x3, Drone x3  
  157  8:50  Lurker x6  
  163  8:56  Drone  
  163  8:57  Drone x7  
  163  9:01  Overlord  
  171  9:16  Extractor, Hydralisk x3  
  172  9:17  Extractor, Hydralisk  
  172  9:21  Lurker x2  
  172  9:23  Hatchery  
  178  9:47  Drone x6  
  178  9:48  Drone x8  
  178  9:49  Drone x3  
  178  9:51  Drone  
  178  9:52  Drone x2  
  198  9:56  Hatchery  
  198  9:58  Lurker x3  
  200  10:18  Extractor  
  200  10:19  Extractor  
  198  10:24  Pneumatized Carapace  
  189  11:00  Hydralisk x4  
  189  11:01  Hydralisk  
  190  11:16  Extractor  
  189  11:18  Spire  
  189  11:19  Extractor, Spire  
  189  11:20  Spire  
  185  11:27  Lurker  
  186  11:35  Lurker  
Show
View Real Time Build Order
Export as new Build Order

Shiro Terran - Winner!

Build Orders: 2 Factory, Gas First Reaper Expand, Hellion Opening, Mech 

Get SALT Encoding   

  12  0:01  SCV  
  13  0:13  SCV  
  14  0:18  Supply Depot  
  14  0:25  SCV  
  15  0:29  Refinery  
  15  0:39  SCV  
  16  0:46  Barracks  
  16  0:52  SCV  
  17  1:04  SCV  
  18  1:16  SCV  
  19  1:33  Reaper, Orbital Command  
  20  1:47  Command Center  
  20  1:58  Factory  
  20  2:00  SCV  
  21  2:08  Barracks Reactor  
  21  2:12  SCV  
  21  2:13  Refinery  
  22  2:22  Supply Depot  
  22  2:24  SCV  
  23  2:44  SCV  
  23  2:50  Factory  
  24  2:56  SCV  
  25  2:59  Hellion x2  
  25  3:00  Orbital Command  
  29  3:06  Barracks Tech Lab  
  29  3:08  SCV  
  30  3:20  SCV  
  30  3:21  Hellion  
  30  3:24  Hellion  
  35  3:30  SCV  
  35  3:32  SCV  
  37  3:42  SCV  
  37  3:44  Infernal Pre-Igniter, SCV, Supply Depot  
  37  3:46  Hellion  
  41  3:53  Hellion  
  41  3:54  Hellion, SCV  
  46  4:00  Supply Depot  
  46  4:06  SCV  
  46  4:11  Hellion  
  48  4:23  SCV x2  
  48  4:25  Supply Depot  
  48  4:35  SCV x2  
  46  4:45  Armory  
  46  4:47  SCV x2  
  46  4:49  Siege Tank  
  46  4:50  Widow Mine x2  
  55  4:54  Command Center  
  55  4:59  SCV x2  
  57  5:01  Barracks Tech Lab  
  57  5:04  Factory  
  57  5:10  Supply Depot  
  57  5:11  SCV x2  
  59  5:17  Widow Mine x2  
  63  5:23  SCV x2  
  60  5:35  SCV  
  60  5:37  Siege Tank  
  62  5:45  SCV  
  62  5:48  SCV  
  64  5:50  Terran Vehicle Weapons Level 1, Refinery x2  
  64  5:51  Supply Depot  
  64  5:54  Supply Depot  
  65  5:57  SCV  
  65  6:00  Widow Mine x2  
  65  6:02  SCV  
  70  6:05  Siege Tank  
  70  6:09  SCV  
  74  6:14  SCV  
  74  6:16  Supply Depot  
  74  6:17  Supply Depot  
  74  6:18  Siege Tank  
  82  6:25  Widow Mine x2  
  82  6:26  Orbital Command, SCV  
  82  6:28  Drilling Claws  
  82  6:29  SCV  
  84  6:38  SCV  
  85  6:41  SCV  
  85  6:45  Engineering Bay  
  86  6:47  Cyclone  
  86  6:50  Widow Mine, Cyclone  
  86  6:51  Widow Mine  
  92  7:06  SCV x2  
  94  7:13  Widow Mine x2  
  98  7:19  Cyclone  
  98  7:20  SCV  
  98  7:22  Cyclone  
  105  7:23  SCV, Supply Depot  
  105  7:24  SCV  
  105  7:25  Supply Depot  
  105  7:27  Missile Turret  
  105  7:28  Missile Turret  
  105  7:29  Missile Turret  
  107  7:32  Refinery, SCV  
  107  7:36  Widow Mine x2  
  112  7:37  Refinery  
  112  7:41  SCV x2  
  114  7:44  SCV  
  114  7:46  Terran Vehicle Weapons Level 2  
  114  7:47  Supply Depot  
  114  7:50  Supply Depot  
  115  7:53  SCV x2  
  115  7:57  SCV, Factory  
  115  7:58  Factory  
  118  8:09  Factory  
  118  8:10  Factory  
  118  8:12  Siege Tank  
  121  8:18  SCV x2  
  121  8:19  Siege Tank  
  126  8:25  Widow Mine  
  126  8:26  Widow Mine  
  130  8:27  SCV  
  130  8:30  SCV  
  130  8:32  SCV  
  130  8:46  Siege Tank  
  133  8:51  Factory Tech Lab  
  133  8:52  Factory Tech Lab  
  133  8:53  Factory Reactor, Factory Tech Lab  
  133  8:55  Cyclone  
  136  8:58  Widow Mine x2  
  140  9:03  Supply Depot  
  140  9:04  Supply Depot  
  140  9:15  Cyclone x2  
  140  9:16  Cyclone  
  149  9:20  Siege Tank, Widow Mine x2  
  149  9:21  Command Center  
  156  9:38  Hellion x2  
  160  9:40  Smart Servos, Mag-Field Accelerator  
  160  9:42  Hellion x2  
  160  9:43  Cyclone  
  167  9:47  Cyclone  
  170  9:54  Supply Depot  
  170  9:56  Supply Depot  
  170  9:58  Cyclone, Supply Depot  
  170  9:59  Supply Depot x2  
  173  10:11  Hellion x2, Cyclone  
  173  10:12  Cyclone  
  173  10:13  Hellion x2  
  187  10:32  Hellion  
  187  10:34  Hellion  
  194  10:35  Cyclone x2  
  194  10:36  Cyclone  
  182  10:57  Cyclone x2  
  182  10:58  Hellion  
  182  10:59  Hellion x3  
Tags
 
Add a new tag
Caveats
  • Supply blocks, unpowered buildings, or Contaminate may cause inaccurate times.
  • Supply counts are checked every 10 seconds.